cohdb
Replays
Latest Replays
All Replays
Popular Replays
Top Player Replays
Match Explorer
How It Works
Community
CoH3 Stats
Reddit
Sign in to upload your games and track your stats! →
Sign in with Steam
Match 46358599
Unlisted
Match 46358599
Overview
Messages
Build Orders
End
Selects Armored Battlegroup
Selects Assault Engineers
Assault Engineer Squad
Assault Engineer Squad
Assault Engineer Squad
Assault Engineer Squad
Air Support Center
Construct Weapon Support Center
Construct Motor Pool
Selects Fast Deploy
M8 Greyhound Armored Car
M8 Greyhound Armored Car
M8 Greyhound Armored Car
M8 Greyhound Armored Car
Selects Field Repairs
Selects War Machine
M8 Greyhound Armored Car
M8 Greyhound Armored Car
Assault Engineer Squad
M8 Greyhound Armored Car
Selects Seek and Destroy
Assault Engineer Squad
M8 Greyhound Armored Car
Grasshopper Recon Run
P-47 Dive Bomb
M8 Greyhound Armored Car
M8 Greyhound Armored Car
ZOMBIEGIRL
BONES
CAuMOH
✠Kaiser✠ tushkan
0
0
Comments
sign in to comment!
No comments posted yet!